 Dungeon Sprint DCSS version 0.26-a0-658-gbdda728c12 (webtiles) character file.

Game seed: 12129904211849475731

39 sahdkjhfkaj the Ruffian (level 3, -1/37 HPs)
             Began as a Troll Wanderer on Oct 4, 2020.
             Was an Initiate of Okawaru.
             Slain by a black bear (11 damage)
             ... in the Dungeon (Sprint VII: "The Pits").
             The game lasted 00:03:31 (509 turns).

sahdkjhfkaj the Ruffian (Troll Wanderer)             Turns: 509, Time: 00:03:33

Health: -1/37      AC:  6    Str: 20    XL:     3   Next: 26%
Magic:  2/2        EV:  9    Int: 12    God:    Okawaru [......]
Gold:   0          SH:  0    Dex:  6    Spells: 2/2 levels left

rFire    . . .     SeeInvis .     - Unarmed
rCold    . . .     Faith    .   (no shield)
rNeg     . . .     Spirit   .   d - +0 robe
rPois    .         Reflect  .   (helmet restricted)
rElec    .         Harm     .   (no cloak)
rCorr    .         Rampage  .   (gloves unavailable)
MR       .....     NoTele   +   (boots unavailable)
Stlth    +.........             (no amulet)
HPRegen  0.52/turn              (no ring)
MPRegen  0.08/turn              (no ring)

@: no status effects
A: large, unfitting armour, claws 3, regeneration 1, shaggy fur 1, tough skin 3
a: Renounce Religion


You were in the Dungeon.
You worshipped Okawaru.
Okawaru was noncommittal.
You visited 1 branch

Inventory:

Armour
 d - a +0 robe (worn)
Scrolls
 i - a scroll of blinking
 j - 3 scrolls of remove curse
 k - 5 scrolls of amnesia
 l - a scroll of summoning
 m - 2 scrolls of vulnerability
Potions
 a - 2 potions of invisibility
 b - 7 potions of curing
 c - a potion of lignification
 e - 6 potions of heal wounds
 f - a potion of haste
 g - 4 potions of magic
 h - 3 potions of berserk rage


   Skills:
 + Level 3.6 Fighting
   Level 3.6 Maces & Flails
 - Level 1.7 Throwing
 - Level 1.5 Dodging
 - Level 5.0 Unarmed Combat


You had 2 spell levels left.
You didn't know any spells.
Your spell library was empty.

Dungeon Overview and Level Annotations

Branches:
Dungeon (1/1)

Altars:
Ashenzari
Cheibriados
Dithmenos
Elyvilon
Fedhas
Gozag
Hepliaklqana
Kikubaaqudgha
Makhleb
Nemelex Xobeh
Okawaru
Qazlal
Ru
Sif Muna
Trog
Uskayaw
Vehumet
Wu Jian
Xom
Yredelemnul
Zin
The Shining One
Beogh
Jiyva
Lugonu

Annotations:
D Grinder


Innate Abilities, Weirdness & Mutations

You are too large for most types of armour.
You have claws for hands.
Your natural rate of healing is unusually fast.
You are covered in fur. (AC +1)
You have extremely tough skin. (AC +3)


Message History

The black bear bites you but does no damage.
The black bear closely misses you. The black bear claws you.
There is an open door here.
The black bear barely misses you.
The black bear claws you but does no damage. x2
You claw the black bear!
The black bear is severely wounded.
The black bear goes berserk!
You scratch the black bear.
The black bear is severely wounded.
The black bear bites you.
The black bear claws you but does no damage. x2
You closely miss the black bear.
The black bear is severely wounded.
The black bear bites you.
The black bear claws you but does no damage.
The black bear claws you.
* * * LOW HITPOINT WARNING * * *
The black bear bites you!
You die...

############
#_________.#
#_________.#
#_______...#########
##########'##.......
#..(.')))'.##......#
##########.##.......
#hh@........'..)†...
#J#####'#####......#
#.#..#..#[[##.......
#J#..)..#))#####'###
#Z#..####))##.......
#.#..#..#))##.......
#.#..#..#..##.......
#.##'#).#'###...<...
#.#........##.......


You could see 2 black bears and a jelly.

Vanquished Creatures
  2 river rats (D)
  An ufetubus (D)
  An ooze (D)
  2 orcs (D)
  A bat (D)
  A goblin (D)
  A quokka (D)
  A ball python (D)
  A rat (D)
11 creatures vanquished.

Notes
Turn   | Place    | Note
-------+----------+-------------------------------------------
     0 | D        | sahdkjhfkaj the Troll Wanderer began the quest for the Orb.
     0 | D        | sahdkjhfkaj set off with the following items: a +2 mace, 2
                  | potions of curing, a potion of lignification, a +0 robe, a
                  | potion of heal wounds, a potion of haste, 2 potions of
                  | magic, a potion of berserk rage, a scroll of blinking
     0 | D        | Reached XP level 1. HP: 19/19 MP: 0/0
    14 | D        | Reached skill level 1 in Unarmed Combat
    18 | D        | Found a bloodstained altar of Trog.
    18 | D        | Found a shimmering blue altar of Sif Muna.
    18 | D        | Found a viscous altar of Jiyva.
    18 | D        | Found a hazy altar of Hepliaklqana.
    18 | D        | Found an opulent altar of Gozag.
    19 | D        | Found a glowing golden altar of the Shining One.
    19 | D        | Found a glowing silver altar of Zin.
    19 | D        | Found a basalt altar of Yredelemnul.
    19 | D        | Found a shimmering altar of Xom.
    19 | D        | Found an ornate altar of the Wu Jian Council.
    19 | D        | Found a sacrificial altar of Ru.
    19 | D        | Found a stormy altar of Qazlal.
    19 | D        | Found an iron altar of Okawaru.
    19 | D        | Found a sparkling altar of Nemelex Xobeh.
    19 | D        | Found a burning altar of Makhleb.
    19 | D        | Found a blossoming altar of Fedhas.
    19 | D        | Found a white marble altar of Elyvilon.
    19 | D        | Found a shadowy altar of Dithmenos.
    19 | D        | Found a snail-covered altar of Cheibriados.
    20 | D        | Found a radiant altar of Vehumet.
    20 | D        | Found a corrupted altar of Lugonu.
    20 | D        | Found a roughly hewn altar of Beogh.
    21 | D        | Found a hide-covered altar of Uskayaw.
    21 | D        | Found an ancient bone altar of Kikubaaqudgha.
    21 | D        | Found a broken altar of Ashenzari.
    79 | D        | Became a worshipper of Warmaster Okawaru
   116 | D        | Reached skill level 2 in Unarmed Combat
   116 | D        | Reached skill level 3 in Unarmed Combat
   144 | D        | Reached skill level 4 in Unarmed Combat
   144 | D        | Reached XP level 2. HP: 15/29 MP: 1/1
   329 | D        | Reached skill level 5 in Unarmed Combat
   329 | D        | Reached XP level 3. HP: 35/37 MP: 2/2
   477 | D        | Noticed a black bear
   477 | D        | Noticed Grinder
   477 | D        | Noticed a black bear
   479 | D        | Paralysed by Grinder for 4 turns
   509 | D        | Slain by a black bear

Illustrated notes

Levels and vault maps discovered:
D:        pitsprint [storerooms_1, entrance_room_1, metal_vault_5, armoury_2,
          mini_pit_1, grid_room_1, main_hall_1, silver_pit, the_coven_1,
          the_vestibule_1, steel_vault_1, golden_pit, hallway_of_sentries,
          crystal_vault_2, iron_vault_3, final_vault]

Skill      XL: |  1  2 |
---------------+-------+-----
Unarmed Combat | 4 5 |  5.0
Fighting       | 2 3 |  3.6
Maces & Flails | |  3.6
Throwing       | |  1.7
Dodging        | |  1.5

Action                   || total
-------------------------++-------
Melee: Unarmed           ||    68
Armor: Robe              ||    33
Dodge: Dodged            ||    42

Table legend: (Time is in decaauts)
 A = Elapsed time spent in this place.
 B = Non-inter-level travel time spent in this place.
 C = Inter-level travel time spent in this place.
 D = Time resting spent in this place.
 E = Time spent auto-exploring this place.
 F = Levels seen in this place.
 G = Mean time per level.
                   A        B        C        D        E       F      G
               +--------+--------+--------+--------+--------+-----+--------+
         Total |    504 |    481 |     23 |    199 |      0 |   1 |  504.0 |
       Dungeon |    504 |    481 |     23 |    199 |      0 |   1 |  504.0 |
               +--------+--------+--------+--------+--------+-----+--------+

Top non-repeatable levels by time:
       D: 504 daAuts
